 Dungeon Crawl Stone Soup version 0.20.1-1-g8b1a95d (webtiles) character file.

75154 polve the Severer (level 15, 0/189 HPs)
             Began as a Demonspawn Berserker on July 18, 2017.
             Was the Champion of Trog.
             Slain by a wraith (4 damage)
             ... led by Josephine
             ... on level 12 of the Dungeon.
             The game lasted 00:26:28 (20749 turns).

polve the Severer (Demonspawn Berserker)           Turns: 20749, Time: 00:26:28

Health: 0/189      AC: 13    Str: 29    XL:     15   Next: 8%
Magic:  5/5        EV: 11    Int:  9    God:    Trog [******]
Gold:   1280       SH:  4    Dex: 18    Spells: 14/14 levels left

rFire    + + .     SeeInvis +   b - +6 executioner's axe (antimagic)
rCold    + . .     Gourm    .   (shield currently unavailable)
rNeg     . . .     Faith    .   G - +1 chain mail {rPois}
rPois    +         Spirit   .   (helmet unavailable)
rElec    .         Reflect  +   u - scarf {repulsion}
rCorr    .         Harm     .   D - +0 pair of gloves (curse)
MR       +....                  s - +1 pair of boots
Stlth    ..........             K - +4 amulet of reflection
Regen    0.5/turn               x - ring of protection from fire
MPRegen  0.1/turn               O - ring of protection from cold

@: berserking (expiring), slowed, heavily drained, repel missiles
A: antennae 3, thin skeletal structure 2, fire resistance 1, powered by death 2,
robust 1, spiny 2, strong 1
a: Berserk, Trog's Hand, Brothers in Arms, Burn Spellbooks, Renounce Religion


You were on level 12 of the Dungeon.
You worshipped Trog.
Trog was exalted by your worship.
You were hungry.

You visited 2 branches of the dungeon, and saw 18 of its levels.

You collected 1280 gold pieces.

Inventory:

Hand Weapons
 a - a +4 hand axe of flaming
 b - a +6 antimagic executioner's axe (weapon)
Armour
 k - a scarf of resistance
 s - a +1 pair of boots (worn)
 u - a scarf of repulsion (worn)
 D - a cursed +0 pair of gloves (worn)
 G - a +1 chain mail of poison resistance (worn)
Jewellery
 j - an uncursed amulet of guardian spirit {unknown}
 x - a ring of protection from fire (left hand)
 J - the amulet of Jakhanuo {Spirit Dex+4}
   (You found it on level 5 of the Lair of Beasts)

   [amulet of guardian spirit]

   It causes incoming damage to be split between your health and magic.
   It affects your dexterity (+4).
 K - a +4 amulet of reflection (around neck)
 L - an uncursed ring of protection from magic {unknown}
 O - a ring of protection from cold (right hand)
 R - an uncursed amulet of faith {unknown}
Wands
 l - a wand of scattershot (6/9)
Scrolls
 d - 6 scrolls of fog
 f - 7 scrolls of enchant armour
 i - 13 scrolls of remove curse
 m - 2 scrolls of magic mapping
 q - 10 scrolls of teleportation
 v - 4 scrolls of recharging
 w - 4 scrolls of enchant weapon
 y - a scroll of immolation {unknown}
 E - 2 scrolls of fear
 F - 2 scrolls of noise {unknown}
 H - a scroll of blinking {unknown}
 N - a scroll of identify
 Q - a scroll of summoning {unknown}
Potions
 e - 2 potions of magic
 h - a potion of agility
 n - 6 potions of curing
 o - 2 potions of might {unknown}
 p - a potion of cancellation {unknown}
 z - 2 potions of heal wounds {unknown}
 A - a potion of brilliance {unknown}
 B - a potion of berserk rage {unknown}
 C - 2 potions of invisibility {unknown}
 I - 2 potions of ambrosia {unknown}
 M - 6 potions of mutation {unknown}
 P - a potion of lignification {unknown}
 T - 2 potions of degeneration {unknown}
Comestibles
 c - 17 bread rations
 g - 17 royal jellies
 r - 8 meat rations
 t - 22 fruits
 S - 4 chunks of flesh


   Skills:
 - Level 10.0(7.2) Fighting
 - Level 20.0(16.5) Axes
 + Level 6.6(4.1) Armour
 + Level 6.7(4.2) Dodging


You had 14 spell levels left.
You didn't know any spells.

Dungeon Overview and Level Annotations

Branches:
Dungeon (12/15)            Temple (0/1) D:4            Lair (6/6) D:9
  Swamp (0/4) Lair:2       Spider (0/4) Lair:4        Slime (0/5) Lair:6
    Orc (0/2) D:11

Altars:
Ashenzari
Cheibriados
Elyvilon
Hepliaklqana
Makhleb
Nemelex Xobeh
Sif Muna
Trog
Uskayaw
Xom
Zin
The Shining One
Beogh
Jiyva

Shops:
D:5 (   D:7 %


Innate Abilities, Weirdness & Mutations

You have a pair of large antennae on your head. (SInv)
You have a moderately thin skeletal structure. (Dex +4, Stealth+)
You regenerate health from kills.
You are mostly covered in sharp spines.
Your flesh is heat resistant. (rF+)
You are robust. (+10% HP)
Your muscles are strong. (Str +2)


Message History

You hit the wraith.
The two-headed ogre seems to regain its courage.
Josephine is struck by your spines. Josephine misses you.
The wraith is struck by your spines. The wraith closely misses you.
Josephine gestures at you while chanting.
The ghostly flame explodes!
The ghostly fireball engulfs you!
You feel drained.
* * * LOW HITPOINT WARNING * * *
The ghostly fireball engulfs the wraith.
The wraith completely resists.
The ghostly fireball engulfs Josephine.
Josephine completely resists.
You slash Josephine!
Josephine's magic leaks into the air.
Josephine is heavily wounded.
You barely miss the wraith. You block the wraith's attack.
Josephine hits you but does no damage.
You cut Josephine into ribbons!!!
You kill Josephine!
Trog accepts your kill.
Trog appreciates your killing of a magic user.
You barely miss the wraith. The wraith hits you.
You die...

.......#.##.#..##.#.#
###.#.......#..##.#.#
....#.......#.....#.#
.#..#..#.#..#.##..#.#
.#.......#..#.##..#.#
....#..###?.........#
#####..# #.#####.####
. # .....
#.#######...
....<...##
###@##).W.....
###......
#..W)WW....... #
.....##
#.##W#.......o # ...#
#. #.######... # #
#.# o # #O# ># #>#
#.# #.# ..#


You could see a two-headed ogre, a phantom and 3 wraiths.

Vanquished Creatures
  The ghost of spiff the Grappler, a journeyman TrHu of Jiyva (Lair:6)
  Nessos (Lair:5)
  Josephine (D:12)
  An ice dragon (Lair:6)
  11 hydras
  3 catoblepae (Lair:6)
  2 two-headed ogres
  18 death yaks
  Urug (D:11)
  An unseen horror (D:10)
  Pikel (D:6)
  A wolf spider zombie (D:10)
  3 ugly things (D:11)
  9 elephants
  An ice statue (Lair:6)
  2 manticores (Lair:6)
  8 black mambas
  A gargoyle (D:10)
  16 spiny frogs
  Psyche (D:10)
  2 torpor snails
  2 rime drakes
  6 komodo dragons
  5 jumping spiders (Lair:4)
  2 trolls
  4 polar bears
  4 tyrant leeches (Lair:2)
  Prince Ribbit (D:6)
  15 blink frogs
  22 dream sheep
  5 hippogriffs
  A spriggan (Lair:1)
  3 redbacks (Lair:4)
  2 wraiths
  46 yaks
  Eustachio (D:6)
  6 wyverns
  7 basilisks
  2 hungry ghosts
  Menkaure (D:6)
  Edmund (D:6)
  3 wargs (D:9)
  A swamp worm (Lair:2)
  16 water moccasins
  8 porcupines
  2 orc warriors
  10 ice beasts
  2 phantoms (D:6)
  3 black bears
  6 ogres
  2 sky beasts (D:9)
  19 wolves
  7 centaurs
  15 crocodiles
  4 big kobolds
  15 bullfrogs
  A water moccasin zombie (D:11)
  3 scorpions
  A killer bee (Lair:1)
  An electric eel (Lair:3)
  A howler monkey (D:11)
  7 hounds
  A quasit (D:11)
  3 crimson imps
  A jelly (D:11)
  2 bullfrog skeletons
  9 orc priests
  13 orc wizards
  7 iguanas
  4 worker ants
  A hound zombie (D:7)
  3 gnolls (D:8)
  13 adders
  2 shadow imps
  A white imp (Lair:5)
  3 adder skeletons
  3 worms
  2 dart slugs
  9 leopard geckos
  37 orcs
  5 giant cockroaches
  9 goblins
  7 hobgoblins
  13 jackals
  5 quokkas
  A ball python (D:5)
  4 bats (D:3)
  A frilled lizard (D:4)
  9 kobolds
  A leopard gecko skeleton (D:4)
  A quokka skeleton (D:8)
  10 rats
  4 fungi (Lair:6)
  2 plants
534 creatures vanquished.

Vanquished Creatures (others)
  2 slaves (D:6)
  2 worker ants (D:6)
  A gnoll (D:6)
  2 orcs
  4 jackals (D:6)
  12 fungi
  8 plants (Lair:6)
31 creatures vanquished.

Grand Total: 565 creatures vanquished

Notes
Turn   | Place    | Note
-------+----------+-------------------------------------------
     0 | D:1      | polve the Demonspawn Berserker began the quest for the Orb.
     0 | D:1      | Reached XP level 1. HP: 18/18 MP: 1/1
    27 | D:1      | Reached skill level 3 in Axes
   708 | D:1      | Gained mutation: You regenerate a little health from kills. [demonic ancestry]
   708 | D:1      | Reached XP level 2. HP: 21/24 MP: 2/2
  1103 | D:2      | Reached XP level 3. HP: 15/29 MP: 3/3
  1106 | D:2      | Reached skill level 4 in Axes
  1359 | D:2      | Reached ** piety under Trog
  1474 | D:2      | Gained mutation: You are partially covered in sharp spines. [demonic ancestry]
  1474 | D:2      | Reached XP level 4. HP: 35/35 MP: 4/4
  1504 | D:2      | Found a hazy altar of Hepliaklqana.
  2264 | D:3      | Reached skill level 5 in Axes
  2555 | D:3      | Found a deep blue altar of Sif Muna.
  2681 | D:3      | Found a shimmering altar of Xom.
  2691 | D:3      | Gained mutation: You have a somewhat thin skeletal structure. (Dex +2, Stealth) [demonic ancestry]
  2691 | D:3      | Reached XP level 5. HP: 36/41 MP: 5/5
  2708 | D:3      | Found a burning altar of Makhleb.
  3030 | D:4      | Found a bloodstained altar of Trog.
  3181 | D:4      | Reached *** piety under Trog
  3181 | D:4      | Reached skill level 6 in Axes
  3351 | D:4      | Gained mutation: You are mostly covered in sharp spines. [demonic ancestry]
  3351 | D:4      | Reached XP level 6. HP: 30/47 MP: 6/6
  3929 | D:4      | Found a staircase to the Ecumenical Temple.
  3990 | D:5      | Entered Level 5 of the Dungeon
  3997 | D:5      | Reached skill level 7 in Axes
  4047 | D:5      | Found a glowing silver altar of Zin.
  4113 | D:5      | Gained mutation: You have a moderately thin skeletal structure. (Dex +4, Stealth+) [demonic ancestry]
  4113 | D:5      | Reached XP level 7. HP: 39/52 MP: 7/7
  4442 | D:5      | Found Soungu's Antique Weapon Shop.
  4572 | D:5      | Found a hide-covered altar of Uskayaw.
  4823 | D:6      | Noticed Menkaure
  4830 | D:6      | Killed Menkaure
  4830 | D:6      | Reached skill level 8 in Axes
  4854 | D:6      | Noticed Edmund
  5075 | D:6      | Noticed Eustachio
  5085 | D:6      | Killed Eustachio
  5416 | D:6      | Noticed Pikel
  5436 | D:6      | Killed Pikel
  5436 | D:6      | Reached skill level 10 in Axes
  5436 | D:6      | Gained mutation: You have a pair of small antennae on your head. [demonic ancestry]
  5436 | D:6      | Reached XP level 8. HP: 43/58 MP: 8/8
  5755 | D:6      | Killed Edmund
  6182 | D:6      | Noticed Prince Ribbit
  6469 | D:6      | Killed Prince Ribbit
  6469 | D:6      | Reached XP level 9. HP: 65/65 MP: 9/9
  6873 | D:7      | Found Baptatej's Food Boutique.
  6902 | D:7      | Reached **** piety under Trog
  6974 | D:7      | Got an emerald-encrusted chain mail
  6985 | D:7      | Identified the +2 chain mail of Trumpets {*Drain rElec rC- Int+5} (You found it on level 7 of the Dungeon)
  7078 | D:7      | Found a snail-covered altar of Cheibriados.
  7142 | D:7      | Found a shattered altar of Ashenzari.
  7194 | D:7      | Reached skill level 5 in Fighting
  7450 | D:8      | Found a sparkling altar of Nemelex Xobeh.
  7829 | D:8      | Found a glowing golden altar of the Shining One.
  8129 | D:8      | Reached skill level 5 in Armour
  8129 | D:8      | Reached skill level 5 in Dodging
  8138 | D:8      | Gained mutation: You have a pair of antennae on your head. [demonic ancestry]
  8138 | D:8      | Reached XP level 10. HP: 76/76 MP: 10/10
  8168 | D:8      | Noticed a three-headed hydra
  8171 | D:8      | Killed a one-headed hydra
  8326 | D:8      | Reached ***** piety under Trog
  8416 | D:9      | Noticed a two-headed ogre
  8427 | D:9      | Killed a two-headed ogre
  8430 | D:9      | Reached skill level 11 in Axes
  8437 | D:9      | Gained mutation: Your muscles are strong. (Str +2) [mutagenic meat]
  8438 | D:9      | Gained mutation: You are robust. (+10% HP) [mutagenic meat]
  8439 | D:9      | Gained mutation: Your flesh is heat resistant. (rF+) [mutagenic meat]
  8575 | D:9      | Found a staircase to the Lair.
  8698 | D:9      | Received a gift from Trog
  8883 | D:9      | Found a white marble altar of Elyvilon.
  9167 | Lair:1   | Entered Level 1 of the Lair of Beasts
  9167 | Lair:1   | Noticed a spiny frog
  9168 | Lair:1   | Noticed a spiny frog
  9172 | Lair:1   | Killed a spiny frog
  9176 | Lair:1   | Killed a spiny frog
  9326 | Lair:1   | Noticed a black mamba
  9332 | Lair:1   | Killed a black mamba
  9332 | Lair:1   | Gained mutation: You regenerate health from kills. [demonic ancestry]
  9332 | Lair:1   | Reached XP level 11. HP: 81/92 MP: 3/11
  9332 | Lair:1   | Reached skill level 12 in Axes
  9551 | Lair:1   | Noticed a seven-headed hydra
  9560 | Lair:1   | Killed a two-headed hydra
 10100 | Lair:1   | Noticed a four-headed hydra
 10107 | Lair:1   | Killed a one-headed hydra
 10413 | Lair:1   | Reached skill level 13 in Axes
 11245 | Lair:2   | Found a staircase to the Swamp.
 11308 | Lair:2   | Gained mutation: You have a pair of large antennae on your head. (SInv) [demonic ancestry]
 11308 | Lair:2   | Reached XP level 12. HP: 81/104 MP: 4/12
 12256 | Lair:3   | Reached skill level 14 in Axes
 12639 | Lair:3   | Noticed a six-headed hydra
 12647 | Lair:3   | Killed a one-headed hydra
 12647 | Lair:3   | Reached skill level 10 in Fighting
 12817 | Lair:3   | Received a gift from Trog
 13215 | Lair:4   | Reached skill level 15 in Axes
 13263 | Lair:4   | Received a gift from Trog
 13457 | Lair:4   | Found a hole to the Spider Nest.
 14231 | Lair:4   | Reached XP level 13. HP: 103/113 MP: 4/13
 14387 | Lair:5   | Reached skill level 16 in Axes
 14476 | Lair:5   | Got a pitted tin amulet
 14516 | Lair:5   | Noticed Nessos
 14529 | Lair:5   | Killed Nessos
 14708 | Lair:5   | Identified the amulet of Jakhanuo {Spirit Dex+4} (You found it on level 5 of the Lair of Beasts)
 15386 | Lair:5   | Reached skill level 17 in Axes
 15904 | Lair:6   | Entered Level 6 of the Lair of Beasts
 16091 | Lair:6   | Received a gift from Trog
 16211 | Lair:6   | Noticed spiff's ghost (journeyman TrHu)
 16222 | Lair:6   | Killed spiff's ghost
 16500 | Lair:6   | Reached skill level 18 in Axes
 16786 | Lair:6   | Reached XP level 14. HP: 108/121 MP: 4/14
 17448 | Lair:6   | Found a staircase to the Slime Pits.
 17449 | Lair:6   | Found a viscous altar of Jiyva.
 17456 | Lair:6   | Received a gift from Trog
 18103 | Lair:6   | Reached skill level 19 in Axes
 19204 | D:10     | Entered Level 10 of the Dungeon
 19346 | D:10     | Noticed Psyche
 19353 | D:10     | Killed Psyche
 19409 | D:10     | Found a burning altar of Makhleb.
 19793 | D:10     | Reached ****** piety under Trog
 19860 | D:10     | Reached skill level 20 in Axes
 20171 | D:11     | Noticed Urug
 20177 | D:11     | Killed Urug
 20287 | D:11     | Reached XP level 15. HP: 108/126 MP: 5/15
 20304 | D:11     | Found a staircase to the Orcish Mines.
 20309 | D:11     | Received a gift from Trog
 20353 | D:11     | Found a roughly hewn altar of Beogh.
 20733 | D:12     | Noticed Josephine
 20747 | D:12     | HP: 3/189 [Josephine/ghostly fireball (8)]
 20749 | D:12     | Killed Josephine
 20749 | D:12     | Slain by a wraith

Skill      XL: |  1  2  3  4  5  6  7  8  9 10 11 12 13 14 |
---------------+-------------------------------------------+-----
Axes           | 3 4 5 6 7 10 11 13 15 18 20 | 20.0
Armour         | 3 5 6 |  6.6
Dodging        | 3 5 6 |  6.7
Fighting       | 4 6 7 9 10 | 10.0

Action                   |  1- 3 |  4- 6 |  7- 9 | 10-12 | 13-15 || total
-------------------------+-------+-------+-------+-------+-------++-------
Melee: Hand axe          |    98 |   134 |   234 |    88 |    71 ||   625
       Battleaxe         |       |       |       |   359 |    88 ||   447
       Executioner's axe |       |       |       |       |   329 ||   329
Invok: Berserk           |     3 |     3 |     5 |     7 |    10 ||    28
       Burn Spellbooks   |       |       |       |     1 |       ||     1
       Trog's Hand       |       |       |       |       |     1 ||     1
  Use: Scroll            |       |     4 |     4 |     5 |     3 ||    16
       Potion            |       |       |       |       |     1 ||     1
 Stab: Sleeping          |       |     4 |       |       |       ||     4
       Invisible         |       |     1 |       |       |       ||     1
  Eat: Chunk             |     5 |    11 |    16 |    28 |    33 ||    93
       Fruit             |       |       |     1 |     2 |       ||     3
Armor: Animal skin       |     8 |       |       |       |       ||     8
       Chain mail        |    21 |     6 |    90 |   189 |   211 ||   517
       Skin              |       |       |     1 |       |       ||     1
Dodge: Dodged            |    50 |    62 |    68 |   234 |   280 ||   694
       Deflected         |       |     1 |     3 |       |     7 ||    11
Block: Other             |       |       |       |    73 |    91 ||   164
       Reflection        |       |       |       |       |     2 ||     2
